| TOP OF THE 1ST |
|
Sioux Falls Packers batting - Pitching for Aberdeen Pheasants : RHP Josh Seymour
|
|
Pitching: RHP Josh Seymour
|
|
|
Batting: RHB Donald Devlin
|
0-0: Called Strike 0-1: Called Strike 0-2: Ground out 3-1 (Groundball, 34S, EV 89.4 MPH)
|
|
Batting: RHB Kenneth Clayton
|
0-0: Called Strike 0-1: Ball 1-1: Swinging Strike 1-2: Strikes out swinging
|
|
Batting: LHB Pedro Nunez
|
0-0: Ball 1-0: Ground out 3-1 (Groundball, 34S, EV 83.1 MPH)
|
| Top of the 1st over - 0 runs, 0 hits, 0 errors, 0 left on base; Sioux Falls 0 - Aberdeen 0 |
| BOTTOM OF THE 1ST |
|
Aberdeen Pheasants batting - Pitching for Sioux Falls Packers : RHP Joe Johnson
|
|
Pitching: RHP Joe Johnson
|
|
|
Batting: SHB Stephen Moore
|
0-0: Ball 1-0: Ball 2-0: Foul Ball, location: 2F 2-1: Foul Ball, location: 2F 2-2: SOLO HOME RUN (Flyball, 9LD, EV 98.8 MPH), Distance : 344 ft
|
|
Batting: RHB Greg Howe
|
0-0: Ball 1-0: Foul Ball, location: 2F 1-1: SINGLE (Line Drive, 7S, EV 95.0 MPH)
|
|
Batting: LHB Sergio Leija
|
0-0: Ball 1-0: Called Strike 1-1: Fly out, F4 (Line Drive, 4, EV 73.8 MPH)
|
|
Batting: LHB Rick Leach
|
0-0: Ball 1-0: Ball 2-0: Called Strike 2-1: Fly out, F9 (Flyball, 9D, EV 90.6 MPH)
|
|
Batting: RHB Harry McCulla
|
0-0: Ball Greg Howe steals 2nd base (no throw) 1-0: Ball 2-0: Foul Ball, location: 2F 2-1: Ball 3-1: Foul Ball, location: 2F 3-2: Ground out 6-3 (Groundball, 6S, EV 80.0 MPH)
|
| Bottom of the 1st over - 1 run, 2 hits, 0 errors, 1 left on base; Sioux Falls 0 - Aberdeen 1 |
| TOP OF THE 2ND |
|
Sioux Falls Packers batting - Pitching for Aberdeen Pheasants : RHP Josh Seymour
|
|
Batting: LHB Michael Wishnevski
|
0-0: Called Strike 0-1: Ball 1-1: Swinging Strike 1-2: Strikes out swinging
|
|
Batting: RHB Tracy Cowger
|
0-0: Called Strike 0-1: Ball 1-1: Swinging Strike 1-2: Strikes out swinging
|
|
Batting: LHB Michael Robbins
|
0-0: Ball 1-0: SINGLE (Groundball, 3D, EV 100.6 MPH)
|
|
Batting: SHB Dan Hanggie
|
0-0: Ball 1-0: Foul Ball, location: 2F 1-1: Ball 2-1: Fielders Choice at 2nd, U4 (Groundball, 4M, EV 81.9 MPH)
|
| Top of the 2nd over - 0 runs, 1 hit, 0 errors, 1 left on base; Sioux Falls 0 - Aberdeen 1 |
| BOTTOM OF THE 2ND |
|
Aberdeen Pheasants batting - Pitching for Sioux Falls Packers : RHP Joe Johnson
|
|
Batting: RHB Pedro Chavez
|
0-0: Called Strike 0-1: Ball 1-1: Called Strike 1-2: Ball 2-2: DOUBLE (Line Drive, 89D, EV 105.6 MPH)
|
|
Batting: RHB Alejandro Luna
|
0-0: Swinging Strike 0-1: Foul Ball, location: 2F 0-2: Ball 1-2: Ball 2-2: Ball 3-2: Ground out 6-3 (Groundball, 6, EV 105.0 MPH)
|
|
Batting: RHB Armando Ramirez
|
0-0: Ball 1-0: Ball Wild Pitch! Pedro Chavez to third 2-0: Ball 3-0: Called Strike 3-1: TRIPLE (Flyball, 9LD, EV 107.5 MPH) Pedro Chavez scores
|
|
Batting: RHB Diego Martinez
|
0-0: Called Strike 0-1: SINGLE (Flyball, 78S, EV 96.3 MPH) Armando Ramirez scores
|
|
Batting: SHB Stephen Moore
|
0-0: Foul Ball, location: 2F 0-1: Ball 1-1: Ball 2-1: Ball 3-1: Grounds into double play, 4-6-3 (Groundball, 4, EV 95.6 MPH)
|
| Bottom of the 2nd over - 2 runs, 3 hits, 0 errors, 0 left on base; Sioux Falls 0 - Aberdeen 3 |
| TOP OF THE 3RD |
|
Sioux Falls Packers batting - Pitching for Aberdeen Pheasants : RHP Josh Seymour
|
|
Batting: RHB Javier Flores
|
0-0: Ball 1-0: SINGLE (Groundball, 6MD, EV 103.8 MPH)
|
|
Batting: RHB Francisco Perez
|
0-0: Foul Ball, location: 2F 0-1: Ball 1-1: Ball 2-1: Fly out, F8 (Flyball, 78M, EV 90.6 MPH)
|
|
Batting: RHB Donald Devlin
|
0-0: Called Strike 0-1: Foul Ball, location: 2F 0-2: Ball 1-2: Ground out 4-3 (Groundball, 4, EV 85.6 MPH) Javier Flores to second
|
|
Batting: RHB Kenneth Clayton
|
0-0: Swinging Strike 0-1: Ball 1-1: Swinging Strike 1-2: Strikes out looking
|
| Top of the 3rd over - 0 runs, 1 hit, 0 errors, 1 left on base; Sioux Falls 0 - Aberdeen 3 |
| BOTTOM OF THE 3RD |
|
Aberdeen Pheasants batting - Pitching for Sioux Falls Packers : RHP Joe Johnson
|
|
Batting: RHB Greg Howe
|
0-0: Ball 1-0: Ball 2-0: Swinging Strike 2-1: Ball 3-1: Base on Balls
|
|
Batting: LHB Sergio Leija
|
0-0: Ball 1-0: Ball 2-0: Called Strike 2-1: Ball 3-1: Swinging Strike 3-2: SINGLE (Flyball, 8RS, EV 93.1 MPH) Greg Howe to second
|
|
Batting: LHB Rick Leach
|
0-0: Fielders Choice at 2nd, 6-4 (Groundball, 6, EV 87.5 MPH) Greg Howe to third
|
|
Batting: RHB Harry McCulla
|
0-0: Called Strike 0-1: Ball 1-1: Ball 2-1: Called Strike 2-2: Ball 3-2: Strikes out swinging
|
|
Batting: RHB Pedro Chavez
|
0-0: Ball 1-0: Called Strike 1-1: Ball 2-1: Foul Ball, location: 2F 2-2: Strikes out swinging
|
| Bottom of the 3rd over - 0 runs, 1 hit, 0 errors, 2 left on base; Sioux Falls 0 - Aberdeen 3 |
| TOP OF THE 4TH |
|
Sioux Falls Packers batting - Pitching for Aberdeen Pheasants : RHP Josh Seymour
|
|
Batting: LHB Pedro Nunez
|
0-0: Ball 1-0: Ball 2-0: Called Strike 2-1: SINGLE (Line Drive, 7S, EV 86.9 MPH)
|
|
Batting: LHB Michael Wishnevski
|
0-0: Ball 1-0: Ball 2-0: Called Strike 2-1: Called Strike 2-2: Foul Ball, location: 2F 2-2: Ball 3-2: Strikes out swinging
|
|
Batting: RHB Tracy Cowger
|
0-0: Ball 1-0: Ball 2-0: Foul Ball, location: 2F 2-1: Foul Ball, location: 2F 2-2: Foul Ball, location: 2F 2-2: Ground out 4-3 (Groundball, 34D, EV 98.8 MPH) Pedro Nunez to second
|
|
Batting: LHB Michael Robbins
|
0-0: Foul Ball, location: 2F 0-1: Ball 1-1: Ground out 4-3 (Groundball, 4M, EV 101.3 MPH)
|
| Top of the 4th over - 0 runs, 1 hit, 0 errors, 1 left on base; Sioux Falls 0 - Aberdeen 3 |
| BOTTOM OF THE 4TH |
|
Aberdeen Pheasants batting - Pitching for Sioux Falls Packers : RHP Joe Johnson
|
|
Batting: RHB Alejandro Luna
|
0-0: Called Strike 0-1: Called Strike 0-2: Ball 1-2: Ball 2-2: DOUBLE (Groundball, 5L, EV 104.4 MPH)
|
|
Batting: RHB Armando Ramirez
|
0-0: Ball 1-0: Called Strike 1-1: Foul Ball, location: 2F 1-2: Ball 2-2: Foul Ball, location: 2F 2-2: Ball 3-2: Foul Ball, location: 2F 3-2: Strikes out swinging
|
|
Batting: RHB Diego Martinez
|
0-0: SINGLE (Groundball, 34D, EV 102.5 MPH) Alejandro Luna to third Runner from 3rd tries for Home, SAFE, throw by RF to home
|
|
Batting: SHB Stephen Moore
|
0-0: Ball 1-0: Ball 2-0: Ball 3-0: Base on Balls Diego Martinez to second
|
|
Batting: RHB Greg Howe
|
0-0: Called Strike 0-1: Swinging Strike 0-2: Fly out, F4 (Flyball, 4MD, EV 81.9 MPH)
|
|
Batting: LHB Sergio Leija
|
0-0: Foul Ball, location: 2F 0-1: Ball 1-1: Ball 2-1: Fly out, F7 (Flyball, 78S, EV 83.8 MPH)
|
| Bottom of the 4th over - 1 run, 2 hits, 0 errors, 2 left on base; Sioux Falls 0 - Aberdeen 4 |
| TOP OF THE 5TH |
|
Sioux Falls Packers batting - Pitching for Aberdeen Pheasants : RHP Josh Seymour
|
|
Batting: SHB Dan Hanggie
|
0-0: Ball 1-0: Called Strike 1-1: Called Strike 1-2: SINGLE (Line Drive, 8LS, EV 93.8 MPH)
|
|
Batting: RHB Javier Flores
|
0-0: Called Strike 0-1: Ball 1-1: Swinging Strike 1-2: Strikes out swinging
|
|
Batting: RHB Francisco Perez
|
0-0: Ball 1-0: SINGLE (Line Drive, 34D, EV 105.0 MPH) Dan Hanggie to second
|
|
Batting: RHB Donald Devlin
|
0-0: Ball 1-0: Ball 2-0: Ball 3-0: Called Strike 3-1: Foul Ball, location: 2F 3-2: Foul Ball, location: 2F 3-2: SINGLE (Line Drive, 34, EV 98.8 MPH) Dan Hanggie to third Francisco Perez to second
|
|
Batting: RHB Kenneth Clayton
|
0-0: Grounds into double play, 6-4-3 (Groundball, 6, EV 79.4 MPH)
|
| Top of the 5th over - 0 runs, 3 hits, 0 errors, 2 left on base; Sioux Falls 0 - Aberdeen 4 |
| BOTTOM OF THE 5TH |
|
Aberdeen Pheasants batting - Pitching for Sioux Falls Packers : RHP Joe Johnson
|
|
Batting: LHB Rick Leach
|
0-0: Ball 1-0: Called Strike 1-1: Called Strike 1-2: Foul Ball, location: 2F 1-2: Foul Ball, location: 2F 1-2: Ball 2-2: Fly out, F8 (Flyball, 8LD, EV 99.4 MPH)
|
|
Batting: RHB Harry McCulla
|
0-0: Ball 1-0: Foul Ball, location: 2F 1-1: Called Strike 1-2: Ground out 1-3 (Groundball, 34S, EV 65.6 MPH)
|
|
Batting: RHB Pedro Chavez
|
0-0: Ball 1-0: Foul Ball, location: 2F 1-1: Foul Ball, location: 2F 1-2: Ball 2-2: SOLO HOME RUN (Flyball, 7D, EV 94.4 MPH), Distance : 380 ft
|
|
Batting: RHB Alejandro Luna
|
0-0: Swinging Strike 0-1: Ground out 6-3 (Groundball, 6, EV 88.8 MPH)
|
| Bottom of the 5th over - 1 run, 1 hit, 0 errors, 0 left on base; Sioux Falls 0 - Aberdeen 5 |
| TOP OF THE 6TH |
|
Sioux Falls Packers batting - Pitching for Aberdeen Pheasants : RHP Josh Seymour
|
|
Batting: LHB Pedro Nunez
|
0-0: Ball 1-0: Ball 2-0: Ground out 4-3 (Groundball, 4M, EV 84.4 MPH)
|
|
Batting: LHB Michael Wishnevski
|
0-0: Foul Ball, location: 2F 0-1: Ball 1-1: Swinging Strike 1-2: Strikes out looking
|
|
Batting: RHB Tracy Cowger
|
0-0: Ball 1-0: Ground out U3 (Groundball, 3, EV 100.6 MPH)
|
| Top of the 6th over - 0 runs, 0 hits, 0 errors, 0 left on base; Sioux Falls 0 - Aberdeen 5 |
| BOTTOM OF THE 6TH |
|
Aberdeen Pheasants batting - Pitching for Sioux Falls Packers : RHP Joe Johnson
|
|
Batting: RHB Armando Ramirez
|
0-0: Ball 1-0: Foul Ball, location: 2F 1-1: Called Strike 1-2: Strikes out looking
|
|
Batting: RHB Diego Martinez
|
0-0: Swinging Strike 0-1: Swinging Strike 0-2: Ball 1-2: Ball 2-2: DOUBLE (Line Drive, 89D, EV 102.5 MPH)
|
|
Batting: SHB Stephen Moore
|
0-0: Ball 1-0: Foul Ball, location: 2F 1-1: Ball 2-1: Ground out 6-3 (Groundball, 56, EV 78.8 MPH)
|
|
Batting: RHB Greg Howe
|
0-0: Called Strike 0-1: Foul Ball, location: 2F 0-2: Ball 1-2: Ball 2-2: Ball 3-2: Strikes out swinging
|
| Bottom of the 6th over - 0 runs, 1 hit, 0 errors, 1 left on base; Sioux Falls 0 - Aberdeen 5 |
| TOP OF THE 7TH |
|
Sioux Falls Packers batting - Pitching for Aberdeen Pheasants : RHP Josh Seymour
|
|
Batting: LHB Michael Robbins
|
0-0: Ball 1-0: Foul Ball, location: 2F 1-1: Foul Ball, location: 2F 1-2: Ball 2-2: Strikes out swinging
|
|
Batting: SHB Dan Hanggie
|
0-0: SINGLE (Groundball, 6D, EV 105.0 MPH)
|
|
Batting: RHB Javier Flores
|
0-0: Ball 1-0: Foul Ball, location: 2F 1-1: Foul Ball, location: 2F 1-2: Foul Ball, location: 2F 1-2: Foul Ball, location: 2F 1-2: Foul Ball, location: 2F 1-2: Strikes out swinging
|
|
Batting: RHB Francisco Perez
|
0-0: Foul Ball, location: 2F 0-1: Foul Ball, location: 2F 0-2: DOUBLE (Line Drive, 9LM, EV 101.3 MPH) Dan Hanggie to third Runner from 3rd tries for Home, SAFE, throw by RF to trailing runner, SAFE at third!
|
|
Batting: RHB Donald Devlin
|
0-0: Ball 1-0: Ball 2-0: Foul Ball, location: 2F 2-1: Foul Ball, location: 2F 2-2: Ball 3-2: Foul Ball, location: 2F 3-2: Fly out, F7 (Flyball, 7, EV 93.8 MPH)
|
| Top of the 7th over - 1 run, 2 hits, 0 errors, 1 left on base; Sioux Falls 1 - Aberdeen 5 |
| BOTTOM OF THE 7TH |
|
Aberdeen Pheasants batting - Pitching for Sioux Falls Packers : RHP Joe Johnson
|
|
Batting: LHB Sergio Leija
|
0-0: Ball 1-0: Called Strike 1-1: Ball 2-1: Ball 3-1: Fly out, F9 (Line Drive, 9, EV 94.4 MPH)
|
|
Batting: LHB Rick Leach
|
0-0: Called Strike 0-1: Called Strike 0-2: Fly out, F7 (Line Drive, 7D, EV 91.9 MPH)
|
|
Batting: RHB Harry McCulla
|
0-0: Foul Ball, location: 2F 0-1: Ball 1-1: DOUBLE (Line Drive, 7LD, EV 114.4 MPH)
|
|
Batting: RHB Pedro Chavez
|
0-0: Ground out 5-3 (Groundball, 56S, EV 81.3 MPH)
|
| Bottom of the 7th over - 0 runs, 1 hit, 0 errors, 1 left on base; Sioux Falls 1 - Aberdeen 5 |
| TOP OF THE 8TH |
|
Sioux Falls Packers batting - Pitching for Aberdeen Pheasants : RHP Josh Seymour
|
|
Batting: RHB Kenneth Clayton
|
0-0: Ball 1-0: Called Strike 1-1: Ground out 4-3 (Groundball, 34, EV 93.1 MPH)
|
|
Batting: LHB Pedro Nunez
|
0-0: Ball 1-0: Called Strike 1-1: Ball 2-1: Foul Ball, location: 2F 2-2: Ball 3-2: Strikes out looking
|
|
Batting: LHB Michael Wishnevski
|
0-0: Called Strike 0-1: Foul Ball, location: 2F 0-2: Strikes out swinging
|
| Top of the 8th over - 0 runs, 0 hits, 0 errors, 0 left on base; Sioux Falls 1 - Aberdeen 5 |
| BOTTOM OF THE 8TH |
|
Aberdeen Pheasants batting - Pitching for Sioux Falls Packers : RHP Joe Johnson
|
|
Batting: RHB Alejandro Luna
|
0-0: Called Strike 0-1: Foul Ball, location: 2F 0-2: Foul Ball, location: 2F 0-2: Ball 1-2: Ball 2-2: Ball 3-2: Foul Ball, location: 2F 3-2: Ground out 5-3 (Groundball, 56S, EV 83.1 MPH)
|
|
Batting: RHB Armando Ramirez
|
0-0: Swinging Strike 0-1: Foul Ball, location: 2F 0-2: Ball 1-2: Strikes out swinging
|
|
Batting: RHB Diego Martinez
|
0-0: Foul Ball, location: 2F 0-1: Called Strike 0-2: Fly out, F9 (Flyball, 9S, EV 93.8 MPH)
|
| Bottom of the 8th over - 0 runs, 0 hits, 0 errors, 0 left on base; Sioux Falls 1 - Aberdeen 5 |
| TOP OF THE 9TH |
|
Sioux Falls Packers batting - Pitching for Aberdeen Pheasants : RHP Josh Seymour
|
|
Batting: RHB Tracy Cowger
|
0-0: Ball 1-0: SINGLE (Groundball, 6MD, EV 94.4 MPH)
|
|
Batting: LHB Michael Robbins
|
0-0: Fly out, F8 (Line Drive, 8LD, EV 90.6 MPH)
|
|
Batting: SHB Dan Hanggie
|
0-0: Foul Ball, location: 2F 0-1: Called Strike 0-2: Fly out, F7 (Line Drive, 7, EV 106.3 MPH)
|
|
Batting: RHB Javier Flores
|
0-0: Foul Ball, location: 2F 0-1: Ball 1-1: Fly out, F4 (Flyball, 34D, EV 90.6 MPH)
|
| Top of the 9th over - 0 runs, 1 hit, 0 errors, 1 left on base; Sioux Falls 1 - Aberdeen 5 |
|